 Dungeon Crawl Stone Soup version 0.31.0-12-g77e489cdc1 (webtiles) character file.

Game seed: 13169541040171492018

10105 unlimited1921 the Thaumaturge (level 11, -1/70 HPs)
             Began as a Djinni Fire Elementalist on Feb 20, 2024.
             Was a Priest of Ashenzari.
             Slain by a catoblepas (5 damage)
             ... while petrified by a catoblepas
             ... in a Gauntlet.
             The game lasted 01:14:17 (20125 turns).

unlimited1921 the Thaumaturge (DjFE)               Turns: 20125, Time: 01:14:17

Health: -1/70      AC:  8    Str:  7    XL:     11   Next: 86%
Gold:   284        EV:  2    Int: 19    God:    Ashenzari [***...] SH:  0 Dex: 16

rFire   + + +        p - +1 flail of the Visionary Gloom {protect, Comp, Sorc} (curse)
rCold   x . .        (no shield)
rNeg    + + +        f - +0 troll leather armour
rPois   ∞            (no helmet)
rElec   .            N - +2 cloak "Repose of Ashenzari" {Cun, Comp} (curse)
rCorr   .            g - +0 pair of gloves of the Circumscribed Moon {Self, Sorc} (curse)
SInv    +            (boots unavailable)
Will    +....        v - amulet of regeneration
Stlth   ++++         w - ring of Ashenzari's Augurer {rF+, Cun, Self} (curse)
HPRegen 1.91/turn    z - ring "Prescient Omission" {EV+5, Elem, Bglg} (curse)
MPRegen 0.00/turn

%: no teleportation, clarity, infuse magic (-2 HP)
@: petrified, flying
A: sickness immunity, fire resistance 2, cold vulnerability 1, float, innate
caster, HP casting, extra vitality 1
a: Renounce Religion, Curse Item, Shatter the Chains


You were in a Gauntlet.
You worshipped Ashenzari.
Ashenzari was most pleased with you.
You visited 2 branches of the dungeon, and saw 13 of its levels.
You also visited: Gauntlet.

You collected 719 gold pieces.
You spent 435 gold pieces at shops.

Inventory:

Hand Weapons
 p - the cursed +1 flail of the Visionary Gloom (weapon) {protect, Comp, Sorc}
   (You took it off a gnoll on level 6 of the Dungeon)

   It has a curse which improves the following skills: Companions: Summonings
   and Necromancy.
   Sorcery:   Conjurations and Alchemy.
 B - a +4 halberd
 M - a +3 trident of draining
Missiles
 q - 18 boomerangs
 A - 3 datura-tipped darts
 C - a throwing net
 R - 8 poisoned darts
Armour
 e - an orb of mayhem
 f - a +0 troll leather armour (worn)
 g - the cursed +0 pair of gloves of the Circumscribed Moon (worn) {Self, Sorc}
   (You found it on level 1 of the Dungeon)

   It has a curse which improves the following skills: Introspection: Fighting
   and Spellcasting.
   Sorcery:   Conjurations and Alchemy.
 E - a +0 chain mail
 J - a +3 leather armour
 L - a +0 cloak
 N - the cursed +2 cloak "Repose of Ashenzari" (worn) {Cun, Comp}
   (You found it on level 8 of the Dungeon)

   It has a curse which improves the following skills: Cunning: Dodging and
   Stealth.
   Companions: Summonings and Necromancy.
 P - a +0 pair of gloves
 Q - a +1 chain mail of fire resistance
 V - a +0 troll leather armour
Jewellery
 v - an amulet of regeneration (around neck)
 w - the cursed ring of Ashenzari's Augurer (left hand) {rF+, Cun, Self}
   (You found it on level 4 of the Dungeon)

   [ring of protection from fire]

   rF+:       It protects you from fire.
   It has a curse which improves the following skills: Cunning: Dodging and
   Stealth.
   Introspection: Fighting and Spellcasting.
 z - the cursed ring "Prescient Omission" (right hand) {EV+5, Elem, Bglg}
   (You bought it in a shop on level 7 of the Dungeon)

   [ring of evasion]

   EV+5:      It affects your evasion (+5).
   It has a curse which improves the following skills: Elements: Fire Magic, Ice
   Magic, Air Magic and Earth Magic.
   Beguiling: Hexes and Translocations.
 S - a +6 ring of intelligence
 U - the amulet of Voucsyux {Faith rElec rPois rF+++ Int-4}
   (You bought it in a shop on level 11 of the Dungeon)

   [amulet of faith]

   Faith:     It allows you to gain divine favour quickly.
   Int-4:     It affects your intelligence (-4).
   rF+++:     It renders you almost immune to fire.
   rElec:     It insulates you from electricity.
   rPois:     It protects you from poison
 Y - the ring "Maisk" {Fly Int+3}
   (You found it in a Gauntlet)

   [ring of flight]

   Int+3:     It affects your intelligence (+3).
   Fly:       It grants you flight.
Wands
 t - a wand of charming (25) (quivered)
 y - a wand of iceblast (3)
 D - a wand of quicksilver (5)
 T - a wand of mindburst (9)
 X - a wand of flame (9)
Scrolls
 b - 2 scrolls of immolation
 k - 2 scrolls of butterflies
 l - a scroll of revelation
 r - 5 scrolls of teleportation
 s - a scroll of enchant weapon
 x - a scroll of torment
 I - 3 scrolls of fog
 K - a scroll of fear
Potions
 c - 2 potions of mutation
 i - 6 potions of curing
 j - a potion of invisibility
 m - 2 potions of ambrosia
 n - 2 potions of lignification
 o - a potion of resistance
 u - 2 potions of brilliance
 F - 2 potions of haste
 G - 3 potions of heal wounds
 H - 2 potions of berserk rage
 O - a potion of enlightenment
 W - a potion of might


   Skills:
 + Level 1.2(2.6) Fighting
 + Level 1.2 Maces & Flails
 + Level 6.1 Armour
 + Level 5.0(7.2) Dodging
 + Level 5.8(8.0) Stealth
 + Level 12.0(14.2) Spellcasting
 + Level 12.0(14.2) Conjurations
 + Level 12.0(13.4) Hexes
 + Level 12.0(14.2) Summonings
 + Level 12.0(14.2) Necromancy
 + Level 12.0(13.4) Translocations
 + Level 12.0(13.4) Fire Magic
 + Level 12.0(13.4) Ice Magic
 + Level 12.0(13.4) Air Magic
 + Level 12.0(13.4) Earth Magic
 + Level 12.0(14.2) Alchemy


You knew the following spells:

 Your Spells              Type           Power      Damage    Failure   Level
a - Foxfire               Conj/Fire      100%       2x1d9     1%          1
b - Scorch                Fire           100%       2d9       1%          2
c - Volatile Blastmotes   Fire/Tloc      100%       2d18      1%          3
d - Inner Flame           Hex/Fire       59%        N/A       1%          3
e - Flame Wave            Conj/Fire      60%        2d14      1%          4
f - Sandblast             Erth           100%       2d20      1%          1
g - Call Imp              Summ           100%       N/A       1%          2
h - Static Discharge      Conj/Air       100%       3-8/arc   1%          2
i - Martyr's Knell        Necr/Summ      61%        N/A       1%          4
j - Manifold Assault      Tloc           59%        N/A       1%          4
Your spell library was empty.

Dungeon Overview and Level Annotations

Branches:
Dungeon (12/15)            Temple (1/1) D:6            Lair (0/5) D:8
    Orc (0/2) D:12        Gauntlet (1/1)

Altars:
Ashenzari
Cheibriados
Dithmenos
Elyvilon
Fedhas
Gozag
Hepliaklqana
Makhleb
Nemelex Xobeh
Okawaru
Qazlal
Ru
Trog
Uskayaw
Wu Jian
Xom
Yredelemnul
Zin
The Shining One

Shops:
D:7 *(   D:11 *   D:12 [([

Annotations:
D:4 Natasha Gauntlet 9 transporters


Innate Abilities, Weirdness & Mutations

You are immune to sickness and miasma.
You are immune to poison.
Your flesh is very heat resistant. (rF++)
You are vulnerable to cold. (rC-)
You float through the air rather than walking.
You learn spells naturally, not from books.
Your magical power is your life essence.
You have superior vitality. (+4 MHP)


Message History

Your base Dodging skill increases to level 5!
Casting: Sandblast (safe; 1% risk of failure)
Confirm with . or Enter, or press ? or * to list all spells.
You feel a surge of power!
You conjure some foxfire!
The molten gargoyle blasts magma at you!
The bolt of magma hits your flayed ghost!!
Your flayed ghost is destroyed!
The terrible wounds on the catoblepas's body vanish.
Your flayed ghost disappears in a puff of smoke!
The bolt of magma hits you! You partially resist.
Casting: Foxfire (safe; 1% risk of failure)
Confirm with . or Enter, or press ? or * to list all spells.
You feel a surge of power!
Flames lash the molten gargoyle.
The molten gargoyle completely resists.
The foxfire hits the molten gargoyle but does no damage.
The catoblepas breathes a plume of calcifying dust at you.
The blast of calcifying dust hits you.
The blast of calcifying dust hits your foxfire!
The molten gargoyle blasts magma at you!
The bolt of magma hits you! You partially resist.
* * * LOW HITPOINT WARNING * * *
Your foxfire dissipates!
You are engulfed in calcifying dust.
You are slowing down.
You feel a little less clever now.
Your limbs are stiffening.
The catoblepas breathes a plume of calcifying dust at you.
The blast of calcifying dust hits you but does no damage.
You have turned to stone.
You are engulfed in calcifying dust. x2
The catoblepas gores you.
You are engulfed in calcifying dust.
The catoblepas gores you!!
* * * LOW HITPOINT WARNING * * *
The molten gargoyle blasts magma at you!
The bolt of magma hits you! You partially resist.
* * * LOW HITPOINT WARNING * * *
You are engulfed in calcifying dust.
The catoblepas gores you!!
* * * LOW HITPOINT WARNING * * *
You are engulfed in calcifying dust.
The catoblepas gores you!
You die...

###############
##§#≈#≈#≈#≈#≈#≈#######
##§§§............#≈#§#≈
#≈.8......8............
##...............8.....
#≈...###########.......
##...#.9..)§§..#...####
#≈...#9Y##.##..#...#...
##...#@##..9##§#####[..
#§...#.#.....#§#...#?.#
##.8.#©...©.9..#©8©#©.#
#≈...#=#.....#.#...#.#.
##...#=##...##.#####.##
#§...#..##.##.§#...#...
##...#......99.#...####
#≈...###########.......
##
##...............8.....


You could see a catoblepas (inner flame), a molten gargoyle and a gargoyle.

Vanquished Creatures
  A dire elephant (Gauntlet)
  A boulder beetle (D:11)
  3 two-headed ogres
  A manticore (D:11)
  A cyclops (D:11)
  An elephant (Gauntlet)
  A molten gargoyle (Gauntlet)
  Jeremiah (D:8)
  A kobold demonologist (D:9)
  3 trolls
  3 wraiths
  5 yaks
  3 water moccasins
  An acid dragon (D:11)
  2 ogres
  A sky beast (D:8)
  2 orc warriors
  2 centaurs
  2 kobold brigands
  3 bullfrogs
  3 scorpions
  A gnoll sergeant (D:9)
  13 killer bees
  An electric eel (D:12)
  A howler monkey (D:6)
  3 hounds
  8 orc priests
  2 sleepcaps
  Jessica (D:3)
  Natasha (twice) (D:4)
  A gnoll bouda (D:7)
  2 iguanas
  6 orc wizards
  4 adders
  10 gnolls
  2 white imps (D:6)
  3 dart slugs
  3 ribbon worms
  32 orcs
  7 ball pythons
  3 bats
  9 endoplasms
  4 giant cockroaches
  7 goblins
  6 hobgoblins
  6 jackals
  11 kobolds
  6 quokkas
  7 frilled lizards
  8 rats
210 creatures vanquished.

Vanquished Creatures (collateral kills)
  2 yaks
  2 sleepcaps (D:7)
  A gnoll (D:6)
  2 orcs
  17 foxfires (D:4)
24 creatures vanquished.

Vanquished Creatures (others)
  717 foxfires
717 creatures vanquished.

Grand Total: 951 creatures vanquished

Notes
Turn   | Place    | Note
-------+----------+-------------------------------------------
     0 | D:1      | unlimited1921 the Djinni Fire Elementalist began the quest
                  | for the Orb.
     0 | D:1      | unlimited1921 set off with the following spells memorised:
                  | Foxfire, Scorch, Volatile Blastmotes, Inner Flame, Flame
                  | Wave.
     0 | D:1      | Reached XP level 1. HP: 15/15 MP: 0/0
   399 | D:1      | Reached XP level 2. HP: 19/21 MP: 0/0
  1722 | D:1      | Reached XP level 3. HP: 23/25 MP: 0/0
  1722 | D:1      | Learned a level 1 spell: Sandblast
  1762 | D:1      | Found a faded altar of an unknown god.
  4544 | D:2      | Reached XP level 4. HP: 26/31 MP: 0/0
  7778 | D:2      | Reached skill level 1 in Armour
  9339 | D:2      | Found a stormy altar of Qazlal.
  9616 | D:3      | Noticed Jessica
  9619 | D:3      | Killed Jessica
  9620 | D:3      | Reached XP level 5. HP: 30/35 MP: 0/0
  9620 | D:3      | Learned a level 2 spell: Call Imp
 10212 | D:3      | You are sucked into a shaft and drop 3 floors!
 10351 | D:6      | Noticed an orc warrior
 10357 | D:6      | Killed an orc warrior
 10358 | D:6      | Reached XP level 6. HP: 28/40 MP: 0/0
 10767 | D:6      | Found a staircase to the Ecumenical Temple.
 10770 | D:6      | Reached XP level 7. HP: 41/45 MP: 0/0
 10770 | D:6      | Learned a level 2 spell: Static Discharge
 10787 | Temple   | Entered the Ecumenical Temple
 10800 | Temple   | Became a worshipper of Ashenzari the Shackled
 11584 | D:5      | Entered Level 5 of the Dungeon
 11584 | D:5      | Noticed a water moccasin
 11591 | D:6      | Killed a water moccasin
 11592 | D:6      | Reached skill level 5 in Spellcasting
 11592 | D:6      | Reached skill level 5 in Conjurations
 11592 | D:6      | Reached skill level 5 in Hexes
 11592 | D:6      | Reached skill level 5 in Summonings
 11592 | D:6      | Reached skill level 5 in Necromancy
 11592 | D:6      | Reached skill level 5 in Translocations
 11592 | D:6      | Reached skill level 5 in Fire Magic
 11592 | D:6      | Reached skill level 5 in Ice Magic
 11592 | D:6      | Reached skill level 5 in Air Magic
 11592 | D:6      | Reached skill level 5 in Earth Magic
 11592 | D:6      | Reached skill level 5 in Alchemy
 11778 | D:5      | Reached XP level 8. HP: 49/51 MP: 0/0
 13308 | D:4      | Found an ornate altar of the Wu Jian Council.
 13365 | D:4      | Reached * piety under Ashenzari
 13502 | D:4      | Noticed Natasha
 13506 | D:4      | Killed Natasha
 13553 | D:4      | Noticed Natasha
 13565 | D:4      | Killed Natasha
 13820 | D:3      | Found a shimmering altar of Xom.
 13823 | D:3      | Found a glowing golden altar of the Shining One.
 13827 | D:3      | Found a basalt altar of Yredelemnul.
 13842 | D:3      | Reached ** piety under Ashenzari
 14283 | D:4      | Noticed Natasha
 14392 | D:7      | Found Guxoemmuog's Assorted Antiques.
 14431 | D:7      | Bought a tourmaline ring for 125 gold pieces
 14475 | D:7      | Reached XP level 9. HP: 53/57 MP: 0/0
 14475 | D:7      | Learned a level 4 spell: Martyr's Knell
 14554 | D:7      | Found Vidoim's Weapon Boutique.
 14617 | D:7      | Found a stormy altar of Qazlal.
 14728 | D:7      | Reached skill level 5 in Armour
 14914 | D:7      | Reached *** piety under Ashenzari
 15064 | D:7      | Found a shadowy altar of Dithmenos.
 15449 | D:8      | Found a hide-covered altar of Uskayaw.
 15514 | D:8      | Found a staircase to the Lair.
 15526 | D:8      | Noticed Jeremiah
 15556 | D:8      | Killed Jeremiah
 16373 | D:9      | Reached XP level 10. HP: 47/63 MP: 0/0
 17028 | D:9      | Noticed a kobold demonologist
 17039 | D:9      | Killed a kobold demonologist
 17040 | D:9      | Reached skill level 5 in Stealth
 17955 | D:10     | Entered Level 10 of the Dungeon
 18045 | D:10     | Noticed a two-headed ogre
 18055 | D:10     | Killed a two-headed ogre
 18229 | D:10     | Noticed a two-headed ogre
 18234 | D:10     | Reached skill level 10 in Spellcasting
 18234 | D:10     | Reached skill level 10 in Conjurations
 18234 | D:10     | Reached skill level 10 in Hexes
 18234 | D:10     | Reached skill level 10 in Summonings
 18234 | D:10     | Reached skill level 10 in Necromancy
 18234 | D:10     | Reached skill level 10 in Translocations
 18234 | D:10     | Reached skill level 10 in Fire Magic
 18234 | D:10     | Reached skill level 10 in Ice Magic
 18234 | D:10     | Reached skill level 10 in Air Magic
 18234 | D:10     | Reached skill level 10 in Earth Magic
 18234 | D:10     | Reached skill level 10 in Alchemy
 18234 | D:10     | Killed a two-headed ogre
 18245 | D:10     | Reached XP level 11. HP: 63/67 MP: 0/0
 18245 | D:10     | Learned a level 4 spell: Manifold Assault
 18850 | D:11     | Found Deotol's Assorted Antiques.
 18859 | D:11     | Bought a scorched sapphire amulet for 155 gold pieces
 18859 | D:11     | Identified the amulet of Voucsyux {Faith rElec rPois rF+++
                  | Int-4} (You bought it in a shop on level 11 of the Dungeon)
 18859 | D:11     | Bought a potion of heal wounds for 155 gold pieces
 19023 | D:11     | Reached skill level 1 in Fighting
 19055 | D:11     | Noticed a boulder beetle
 19077 | D:11     | Noticed a cyclops
 19083 | D:11     | Killed a boulder beetle
 19100 | D:11     | Killed a cyclops
 19250 | D:11     | Noticed a manticore
 19261 | D:11     | Killed a manticore
 19557 | D:11     | Noticed a two-headed ogre
 19563 | D:11     | Killed a two-headed ogre
 19564 | D:11     | Reached skill level 1 in Maces & Flails
 19717 | D:12     | Found Cokhlem's Armour Shop.
 19719 | D:12     | Found Peqool's Antique Weapon Emporium.
 19721 | D:12     | Found Acyepo Tetapp's Antique Armour Shop.
 19747 | D:12     | Found a gate leading to a gauntlet.
 19753 | Gauntlet | Entered a Gauntlet
 19753 | Gauntlet | Noticed an elephant
 19753 | Gauntlet | Found a transporter.
 19761 | Gauntlet | Noticed a green death
 19767 | Gauntlet | Found a transporter.
 19773 | Gauntlet | Found a transporter.
 19773 | Gauntlet | Identified the +3 helmet of the Stone Wall {*Slow Str+5
                  | Int+2}
 19774 | Gauntlet | Found a transporter.
 19775 | Gauntlet | Found a transporter.
 19775 | Gauntlet | Noticed a death drake
 19777 | Gauntlet | Found a transporter.
 19778 | Gauntlet | Noticed a wretched star
 19801 | Gauntlet | Found a transporter.
 19807 | Gauntlet | Found a transporter.
 19807 | Gauntlet | Found a transporter.
 19809 | Gauntlet | Noticed a dire elephant
 19816 | Gauntlet | Found a transporter.
 19816 | Gauntlet | Identified the ring of Contentment {+Blink Int+6}
 19818 | Gauntlet | Identified the ring of the Ageless Tales {rElec rF+}
 19824 | Gauntlet | Found a transporter.
 19830 | Gauntlet | Noticed a catoblepas
 19851 | Gauntlet | Identified the ring "Maisk" {Fly Int+3}
 19933 | Gauntlet | Noticed a thrashing horror
 19934 | Gauntlet | Found a transporter.
 20012 | Gauntlet | Killed an elephant
 20022 | Gauntlet | Killed a dire elephant
 20116 | Gauntlet | Reached skill level 5 in Dodging
 20124 | Gauntlet | HP: 2/70 [catoblepas (9)]
 20125 | Gauntlet | Slain by a catoblepas

Illustrated notes

Levels and vault maps discovered:
D:1:      zelgadis_glass_arrival_small, layout_basic,
          chequers_ecumenical_altar_simple_redux, grunt_decor_arrowhead
D:2:      layout_basic, basic_altar, minmay_misc_feat_tower,
          minmay_misc_feat_enclosed, minmay_unequal
D:3:      minmay_skewed_foursquare, layout_loops_ring,
          grunt_temple_overflow_diamond, uniq_jessica
D:4:      layout_rooms, mainiacjoe_overflow_six_doors_small,
          serial_bayou_pond_c, uniq_natasha
D:5:      layout_basic, minmay_stone_trees_small, hangedman_decor_peaks_small,
          minmay_misc_feat_tiny
D:6:      layout_basic, minmay_temple_entry_proselytizer
D:7:      layout_cave_pods, nicolae_qazlal_general_emergency,
          mainiacjoe_overflow_alcove_2, serial_shops, shop, shop_fountains
D:8:      layout_basic, nicolae_overflow_crystal_walls, dpeg_oklobed_lair,
          special_room [special_room_orc], uniq_jeremiah
D:9:      nicolae_BIG_FREAKIN_CUBE, layout_layer_cave,
          mainiacjoe_overflow_concentric_impassable
D:10:     layout_basic
D:11:     layout_gridville, serial_shops, nicolae_square_shop
D:12:     layout_layer_cave, orc_0_dummy, gauntlet_entry_generic,
          nicolae_wooded_promenade
Temple:   zaba_magenta_temple
Gauntlet: minmay_gauntlet_mixed_oops_all_seconds
          [minmay_gauntlet_arena_77_hold_the_fort,
          gammafunk_gauntlet_arena_chambers, minmay_gauntlet_arena_77_two_lines,
          gammafunk_gauntlet_arena_split_diamond,
          minmay_gauntlet_arena_77_two_paths, gammafunk_gauntlet_arena_corners,
          gauntlet_exit_watery]

Skill      XL: |  1  2  3  4  5  6  7  8  9 10 11 |
---------------+----------------------------------+-----
Stealth        | 2 3 4 5 |  5.8
Dodging        | 3 4 5 |  5.0
Armour         | 1 3 4 5 6 |  6.1
Spellcasting   | 4 5 6 8 10 12 | 12.0
Conjurations   | 4 5 6 8 10 12 | 12.0
Hexes          | 4 5 6 8 10 12 | 12.0
Summonings     | 4 5 6 8 10 12 | 12.0
Necromancy     | 4 5 6 8 10 12 | 12.0
Translocations | 4 5 6 8 10 12 | 12.0
Fire Magic     | 4 5 6 8 10 12 | 12.0
Ice Magic      | 4 5 6 8 10 12 | 12.0
Air Magic      | 4 5 6 8 10 12 | 12.0
Earth Magic    | 4 5 6 8 10 12 | 12.0
Alchemy        | 4 5 6 8 10 12 | 12.0
Fighting       | 1 |  1.2
Maces & Flails | 1 |  1.2

Action                     |  1- 3 |  4- 6 |  7- 9 | 10-12 || total
---------------------------+-------+-------+-------+-------++-------
  Melee: Flail             |       |       |     6 |    12 ||    18
   Cast: Foxfire           |   113 |    89 |   132 |   130 ||   464
         Sandblast         |     2 |     3 |     3 |    11 ||    19
         Scorch            |     2 |    15 |    54 |    35 ||   106
         Inner Flame       |       |     3 |    41 |    48 ||    92
         Call Imp          |       |    10 |    20 |    31 ||    61
         Martyr's Knell    |       |       |     7 |    16 ||    23
         Manifold Assault  |       |       |       |     8 ||     8
         Volatile Blastmot |       |       |       |     1 ||     1
 Invoke: Curse Item        |       |       |     4 |     2 ||     6
         Shatter the Chain |       |       |     1 |       ||     1
    Use: Scroll            |       |       |    10 |     2 ||    12
         Potion            |       |       |       |     2 ||     2
 Armour: Robe              |     5 |       |       |       ||     5
         Leather armour    |     2 |     9 |    20 |       ||    31
         Troll leather arm |       |       |       |    34 ||    34
  Dodge: Dodged            |     6 |     8 |    12 |    39 ||    65
